 Dungeon Crawl Stone Soup version 0.27-a0-1181-g5f64966fcc (webtiles) character file.

Game seed: 1464236255044644124

31655 AtomicRavioli the Carver (level 13, 0/145 HPs)
             Began as a Demonspawn Fire Elementalist on May 18, 2021.
             Was an Elder of Makhleb.
             Slain by a skeletal warrior
             ... wielding a +0 halberd
             ... led by a skeletal warrior
              (24 damage)
             ... on level 11 of the Dungeon.
             The game lasted 00:42:53 (18007 turns).

AtomicRavioli the Carver (DsFE)                    Turns: 18007, Time: 00:42:54

Health: 0/145      AC: 11    Str: 12    XL:     13   Next: 27%
Magic:  25/25      EV: 14    Int: 25    God:    Makhleb [****..]
Gold:   804        SH:  7    Dex: 13    Spells: 7/28 levels left

rFire    + . .     SeeInvis .   d - +8 demon blade "Leech" {vamp, *Rage +Rage rN+}
rCold    . . .     Faith    .   k - +0 kite shield {rF+}
rNeg     + . .     Spirit   .   x - +0 steam dragon scales
rPois    .         Reflect  .   (no helmet)
rElec    .         Harm     .   L - +0 cloak {Will+}
rCorr    .         Rampage  .   e - +0 pair of gloves
Will     +....     Rnd*Rage +   J - +1 pair of boots
Stlth    ..........             H - amulet of the acrobat
HPRegen  0.34/turn              K - ring of wizardry
MPRegen  0.19/turn              f - +6 ring of intelligence

@: agile, berserking, very quick
A: claws 1, rugged brown scales 1, ignite blood 1, powered by pain 1
a: Renounce Religion, Evoke Berserk Rage, Minor Destruction, Lesser Servant of
Makhleb, Major Destruction


You were on level 11 of the Dungeon.
You worshipped Makhleb.
Makhleb was greatly pleased with you.
You visited 2 branches of the dungeon, and saw 15 of its levels.
You also visited: Bailey.

You collected 969 gold pieces.
You spent 165 gold pieces at shops.

Inventory:

Hand Weapons
 d - the +8 demon blade "Leech" (weapon) {vamp, *Rage +Rage rN+}
   (You found it on level 4 of the Dungeon)

   It inflicts no extra harm, but heals its wielder when it wounds a living foe.
   It protects you from negative energy.
   It lets you go berserk.
   It may make you go berserk in combat.
Missiles
 o - 5 throwing nets
Armour
 e - a +0 pair of gloves (worn)
 k - a +0 kite shield of fire resistance (worn)
 x - +0 steam dragon scales (worn)
 J - a +1 pair of boots (worn)
 L - a +0 cloak of willpower (worn)
Jewellery
 c - a ring of flight
 f - a +6 ring of intelligence (right hand)
 i - a ring of positive energy
 m - a ring of protection from cold
 A - a ring of protection from cold
 H - an amulet of the acrobat (around neck)
 K - a ring of wizardry (left hand)
Wands
 u - a wand of digging (2)
 w - a wand of acid (2)
 z - a wand of charming (12)
 C - a wand of polymorph (18)
 E - a wand of iceblast (17)
Scrolls
 g - a scroll of blinking
 j - a scroll of identify
 l - a scroll of magic mapping
 n - 3 scrolls of teleportation
 q - a scroll of fear
 s - 2 scrolls of silence {unknown}
 t - a scroll of summoning {unknown}
 y - 3 scrolls of enchant weapon {unknown}
 B - a scroll of fog {unknown}
 F - 2 scrolls of amnesia {unknown}
 I - a scroll of acquirement {unknown}
Potions
 a - 2 potions of curing
 b - a potion of invisibility
 h - 2 potions of attraction
 p - 2 potions of might
 r - 2 potions of ambrosia
 v - a potion of brilliance {unknown}
 D - 2 potions of flight
 G - 2 potions of cancellation


   Skills:
 + Level 6.6 Fighting
 * Level 13.1 Long Blades
 + Level 4.3 Armour
 - Level 1.8 Dodging
 + Level 4.9 Stealth
 * Level 0.6 Shields
 + Level 0.1 Unarmed Combat
 + Level 8.1 Spellcasting
 + Level 7.0 Conjurations
 + Level 4.4 Hexes
 + Level 1.1 Transmutations
 + Level 7.0 Fire Magic
 + Level 6.8 Invocations
 + Level 0.3 Evocations


You had 7 spell levels left.
You knew the following spells:

 Your Spells              Type           Power      Damage    Failure   Level
a - Foxfire               Conj/Fire      100%       2x1d9     1%          1
b - Inner Flame           Hex/Fire       38%        N/A       4%          3
c - Sticky Flame          Conj/Fire      45%        2d6       9%          4
d - Conjure Flame         Conj/Fire      45%        6-21      2%          3
e - Fireball              Conj/Fire      22%        3d10      24%         5
f - Yara's Violent Unrav  Hex/Tmut       11%        3d6       77%         5

Your spell library contained the following spells:

 Spells                   Type           Power      Damage    Failure   Level
 Corona                   Hex            35%        N/A       2%          1
 Shock                    Conj/Air       100%       1d9       3%          1
 Slow                     Hex            32%        N/A       4%          2
 Static Discharge         Conj/Air       27%        N/A       6%          2
 Portal Projectile        Hex/Tloc       42%        N/A       19%         3
 Cause Fear               Hex            16%        N/A       24%         4
 Swiftness                Air            10%        N/A       41%         3
 Leda's Liquefaction      Hex/Erth       10%        N/A       50%         4
 Lightning Bolt           Conj/Air       13%        1d27      65%         5
 Airstrike                Air            5%         N/A       80%         4
 Silence                  Hex/Air        10%        N/A       83%         5
 Discord                  Hex            16%        N/A       100%        8


Dungeon Overview and Level Annotations

Branches:
Dungeon (14/15)            Temple (1/1) D:5            Lair (0/6) D:11
    Orc (0/2) D:12         Vaults (0/5) D:13         Bailey (visited)

Altars:
Ashenzari
Cheibriados
Dithmenos
Elyvilon
Fedhas
Gozag
Hepliaklqana
Kikubaaqudgha
Makhleb
Nemelex Xobeh
Okawaru
Qazlal
Ru
Sif Muna
Trog
Uskayaw
Vehumet
Wu Jian
Xom
Yredelemnul
Zin
The Shining One

Shops:
D:1 :   D:11 (   D:12 :   D:13 [

Annotations:
D:3 1 runed translucent door, NateTC's ghost, amateur SpFi


Innate Abilities, Weirdness & Mutations

You have sharp fingernails.
You are partially covered in rugged brown scales. (AC +1, +3% HP)
Your demonic aura sometimes causes spilled blood to erupt in flames.
You sometimes gain a little power by taking damage.


Message History

You hit the skeletal warrior but do no damage.
The skeletal warrior is moderately damaged.
The skeletal warrior hits you with a +0 halberd!
You slash the skeletal warrior!
The skeletal warrior is heavily damaged.
You block the skeletal warrior's attack.
You hit the skeletal warrior but do no damage.
The skeletal warrior is heavily damaged.
The skeletal warrior hits you with a +0 halberd!
You are too injured to fight recklessly!
You are too injured to fight recklessly!
You slash the skeletal warrior!
The skeletal warrior is severely damaged.
The skeletal warrior hits you with a +0 halberd!
You closely miss the skeletal warrior.
The skeletal warrior is heavily damaged.
The skeletal warrior hits you with a +0 halberd.
A red film seems to cover your vision as you go berserk!
You feel yourself moving faster!
You feel mighty!
You block the skeletal warrior's attack.
You slice the skeletal warrior!!
The skeletal warrior is almost destroyed.
You slash the skeletal warrior!
The skeletal warrior is almost destroyed.
The skeletal warrior hits you with a +0 halberd!!
* * * LOW HITPOINT WARNING * * *
You focus on the pain.
You feel agile all of a sudden.
You closely miss the skeletal warrior.
The skeletal warrior is almost destroyed.
The skeletal warrior hits you with a +0 halberd!
* * * LOW HITPOINT WARNING * * *
You focus on the pain.
You feel more agile all of a sudden.
You hit the skeletal warrior.
The skeletal warrior is almost destroyed.
You hit the skeletal warrior but do no damage.
The skeletal warrior is almost destroyed.
The skeletal warrior hits you with a +0 halberd!!
You die...

#..........####.# #.......#######
#...............# #.#.......zz...
.####.###..###### #......#######.
.# ##.#⌠#..# ##..########### .#
#..###..####### #z## #.......
.###.............###.#####.......
.#...............#...............
................z.....###........
.#..............@#.#..# #........
########...#####.#.#..###........
#...........#.#.............
#.#...#.##.##.#.#.##########
#.#...#.#...#.....# #......
#.#(.........##.######.#.∩##
#.#.........................
######.###.#.#..####.######.##.##
#...>........#..####.# #.#####


You could see a skeletal warrior.

Vanquished Creatures
  A boulder beetle (D:11)
  Harold (D:9)
  7 centaur warriors
  An ogre mage (D:12)
  10 two-headed ogres
  A tengu warrior (D:13)
  2 skeletal warriors (D:11)
  Pikel (D:9)
  A wizard (D:13)
  An orc knight (Bailey)
  2 manticores
  6 ugly things
  A cyclops (D:12)
  2 gargoyles
  3 unseen horrors
  A komodo dragon (D:12)
  Psyche (D:8)
  5 trolls
  A hornet (D:10)
  Prince Ribbit (D:6)
  A vampire (D:14)
  6 yaks
  4 wyverns
  A steam dragon (D:7)
  Eustachio (D:5)
  Menkaure (D:4)
  A water moccasin (D:6)
  Edmund (D:6)
  A sky beast (D:5)
  20 orc warriors
  A hornet zombie (D:9)
  8 ogres
  15 centaurs
  A phantom (D:4)
  A lemure (D:9)
  5 kobold brigands
  Blork the orc (D:4)
  2 bullfrogs (D:7)
  4 scorpions
  2 gnoll sergeants
  A wyvern skeleton (D:7)
  5 killer bees (D:9)
  9 howler monkeys
  2 centaur zombies
  7 hounds
  9 orc priests
  A centaur skeleton (D:7)
  A bullfrog skeleton (D:6)
  3 iguanas (D:6)
  12 orc wizards
  A hound skeleton (D:4)
  7 gnolls
  7 adders
  2 howler monkey skeletons
  2 shadow imps (D:7)
  A white imp (D:7)
  An ufetubus (D:4)
  An adder zombie (D:1)
  3 worms
  3 dart slugs
  42 orcs
  5 endoplasms
  2 giant cockroaches
  5 hobgoblins
  3 quokkas
  3 ball pythons
  5 bats (D:1)
  A frilled lizard (D:2)
  A giant cockroach zombie (D:1)
  9 goblins
  29 kobolds
  2 rats (D:1)
311 creatures vanquished.

Vanquished Creatures (others)
  362 foxfires
362 creatures vanquished.

Grand Total: 673 creatures vanquished

Notes
Turn   | Place    | Note
-------+----------+-------------------------------------------
     0 | D:1      | AtomicRavioli the Demonspawn Fire Elementalist began the
                  | quest for the Orb.
     0 | D:1      | Reached XP level 1. HP: 13/13 MP: 3/3
   285 | D:1      | Gained mutation: You have sharp fingernails. [demonic
                  | ancestry]
   285 | D:1      | Reached XP level 2. HP: 15/19 MP: 0/5
  1018 | D:1      | Found a faded altar of an unknown god.
  1043 | D:1      | Reached XP level 3. HP: 24/24 MP: 2/6
  1081 | D:1      | Found Kepig's Book Emporium.
  1792 | D:2      | Learned a level 3 spell: Inner Flame
  2578 | D:3      | Noticed NateTC's ghost (amateur SpFi)
  2580 | D:3      | Found a runed translucent door.
  2727 | D:3      | You are sucked into a shaft and drop 2 floors!
  2727 | D:5      | Entered Level 5 of the Dungeon
  2733 | D:5      | Reached XP level 4. HP: 30/30 MP: 2/8
  2791 | D:5      | Learned a level 4 spell: Sticky Flame
  2792 | D:5      | Noticed a sky beast
  2798 | D:5      | Killed a sky beast
  2799 | D:5      | Gained mutation: You sometimes gain a little power by
                  | taking damage. [demonic ancestry]
  2799 | D:5      | Reached XP level 5. HP: 35/35 MP: 2/9
  2974 | D:4      | Noticed Eustachio
  2985 | D:5      | Killed Eustachio
  2986 | D:5      | Reached XP level 6. HP: 24/42 MP: 3/11
  3302 | D:4      | Learned a level 3 spell: Conjure Flame
  3643 | D:4      | Noticed Menkaure
  3824 | D:4      | Killed Menkaure
  3825 | D:4      | Reached XP level 7. HP: 47/47 MP: 9/13
  4131 | D:4      | Found the +8 demon blade "Leech" {vamp, *Rage +Rage rN+}
  4285 | D:4      | Noticed Blork the orc
  4295 | D:4      | Killed Blork the orc
  4296 | D:4      | Reached skill level 1 in Long Blades
  4854 | D:5      | Found a staircase to the Ecumenical Temple.
  4863 | Temple   | Entered the Ecumenical Temple
  4921 | Temple   | Became a worshipper of Makhleb the Destroyer
  4951 | D:5      | Reached skill level 2 in Long Blades
  4973 | D:5      | Reached skill level 1 in Fighting
  5039 | D:5      | Reached skill level 3 in Long Blades
  5039 | D:5      | Gained mutation: You are partially covered in rugged brown
                  | scales. (AC +1, +3% HP) [demonic ancestry]
  5039 | D:5      | Reached XP level 8. HP: 18/55 MP: 10/15
  5140 | D:5      | Reached skill level 5 in Fire Magic
  5204 | D:5      | Reached skill level 5 in Spellcasting
  5262 | D:5      | Reached skill level 4 in Long Blades
  6028 | D:6      | Reached skill level 5 in Long Blades
  6354 | D:6      | Reached skill level 6 in Long Blades
  6354 | D:6      | Reached XP level 9. HP: 52/62 MP: 16/16
  6448 | D:6      | Noticed Prince Ribbit
  6464 | D:6      | Killed Prince Ribbit
  6472 | D:6      | Learned a level 5 spell: Fireball
  6632 | D:6      | Reached skill level 7 in Long Blades
  7001 | D:6      | Noticed Edmund
  7014 | D:6      | Killed Edmund
  7492 | D:6      | Reached skill level 5 in Conjurations
  7493 | D:6      | Reached * piety under Makhleb
  7735 | D:7      | Reached skill level 1 in Armour
  7745 | D:7      | Reached skill level 8 in Long Blades
  8730 | D:7      | Gained mutation: Your demonic aura sometimes causes spilled
                  | blood to erupt in flames. [demonic ancestry]
  8730 | D:7      | Reached XP level 10. HP: 65/72 MP: 18/18
  9015 | D:8      | Found a bloodstained altar of Trog.
  9486 | D:9      | Noticed Psyche
  9488 | D:9      | Reached ** piety under Makhleb
  9520 | D:8      | Killed Psyche
  9521 | D:8      | Reached skill level 1 in Hexes
  9667 | D:9      | Noticed Harold
  9682 | D:9      | Reached skill level 9 in Long Blades
  9937 | D:9      | Killed Harold
 10292 | D:9      | Noticed Pikel
 10298 | D:9      | Killed Pikel
 10594 | D:9      | Reached skill level 10 in Long Blades
 10707 | D:10     | Entered Level 10 of the Dungeon
 11086 | D:10     | Noticed a gargoyle
 11095 | D:10     | Killed a gargoyle
 11096 | D:10     | Reached XP level 11. HP: 56/80 MP: 19/19
 11494 | D:10     | Noticed a two-headed ogre
 11504 | D:10     | Killed a two-headed ogre
 12054 | D:11     | Found a staircase to the Lair.
 12133 | D:11     | Found Sedi's Weapon Emporium.
 12192 | D:11     | Noticed a skeletal warrior
 12194 | D:11     | Noticed a skeletal warrior
 12196 | D:11     | Noticed a skeletal warrior
 12230 | D:11     | HP: 3/80 [skeletal warrior/+0 halberd[a skeletal warrior]
                  | (18)]
 12409 | D:11     | Reached skill level 1 in Invocations
 12439 | D:11     | Noticed a two-headed ogre
 12452 | D:11     | Killed a two-headed ogre
 12611 | D:11     | Noticed a boulder beetle
 12627 | D:11     | Killed a boulder beetle
 12628 | D:11     | Reached skill level 5 in Fighting
 12674 | D:11     | Found a flagged portal.
 12681 | Bailey   | Entered a bailey
 12921 | Bailey   | Reached *** piety under Makhleb
 13015 | Bailey   | Reached skill level 11 in Long Blades
 13167 | Bailey   | Noticed an orc knight
 13334 | Bailey   | Killed an orc knight
 13922 | D:12     | Found Duteakaf's Book Shoppe.
 13922 | D:12     | Noticed a purple ugly thing
 13924 | D:12     | Noticed a two-headed ogre
 13930 | D:12     | Noticed a red ugly thing
 13938 | D:11     | Killed a two-headed ogre
 14044 | D:11     | Killed a purple ugly thing
 14123 | D:11     | Killed a skeletal warrior
 14329 | D:12     | Noticed a two-headed ogre
 14330 | D:12     | Noticed a two-headed ogre
 14330 | D:12     | Noticed a two-headed ogre
 14331 | D:12     | Noticed a two-headed ogre
 14332 | D:12     | Noticed an ogre mage
 14344 | D:12     | Killed a two-headed ogre
 14345 | D:12     | Reached XP level 12. HP: 88/88 MP: 6/21
 14348 | D:12     | Killed a two-headed ogre
 14361 | D:12     | Killed an ogre mage
 14361 | D:12     | Noticed a two-headed ogre
 14371 | D:12     | Killed a two-headed ogre
 14521 | D:12     | Noticed a two-headed ogre
 14569 | D:12     | Killed a two-headed ogre
 14574 | D:12     | Killed a two-headed ogre
 14575 | D:12     | Reached skill level 5 in Invocations
 14704 | D:12     | Reached skill level 12 in Long Blades
 14754 | D:12     | Killed a two-headed ogre
 14836 | D:12     | You are sucked into a shaft and drop 2 floors!
 14858 | D:14     | Noticed a centaur warrior
 14967 | D:14     | Killed a centaur warrior
 15020 | D:14     | Noticed a centaur warrior
 15024 | D:14     | Killed a centaur warrior
 15112 | D:14     | Noticed a centaur warrior
 15167 | D:14     | Killed a centaur warrior
 15467 | D:14     | Noticed an eight-headed hydra
 16620 | D:13     | Noticed a centaur warrior
 16629 | D:13     | Killed a centaur warrior
 16633 | D:13     | Reached **** piety under Makhleb
 16635 | D:13     | Reached XP level 13. HP: 96/96 MP: 24/24
 16857 | D:13     | Learned a level 5 spell: Yara's Violent Unravelling
 17077 | D:13     | Found Coyblopt's Antique Armour Boutique.
 17084 | D:13     | Bought a runed cloak for 165 gold pieces
 17183 | D:13     | Reached skill level 13 in Long Blades
 17183 | D:13     | Reached skill level 1 in Transmutations
 17547 | D:13     | Found a gate to the Vaults.
 17749 | D:12     | Found a staircase to the Orcish Mines.
 18007 | D:11     | Slain by a skeletal warrior

Illustrated notes

Levels and vault maps discovered:
D:1:      saegor_arrival_fortress, layout_rooms, serial_shops,
          nicolae_shop_behind_doors, shapermc_ecumenical_altar_notcrosses
D:2:      layout_loops_ring, basic_altar, kennysheep_generic_room_10
D:3:      layout_loops_corners, serial_shops, nicolae_shop_statue_plus,
          hellmonk_ghost_happy_afterlife, kennysheep_generic_room_12, uniq_robin
D:4:      layout_basic, uniq_menkaure, uniq_blork_the_orc, uniq_eustachio
D:5:      layout_loops_corners, minmay_temple_entry_antechambers,
          hangedman_decor_riveting, corexii_leaking_fountain
D:6:      layout_basic, chequers_garden, uniq_prince_ribbit1, uniq_edmund
D:7:      layout_gridville
D:8:      layout_rooms, amcnicky_altar_gilded, grunt_decor_junction,
          serial_bayou_lagoon_a, nrook_pool_corridor
D:9:      layout_basic, uniq_psyche, uniq_pikel, uniq_harold
D:10:     layout_basic, st_stairs_4, chequers_arboretum,
          minmay_misc_feat_nine_boxes, lemuel_flamethrower_1
D:11:     layout_loops_cross, enter_bailey_1, serial_shops, shop,
          feat_on_display
D:12:     layout_basic, orc_0_dummy, serial_shops, nicolae_shop_statue_plus
D:13:     layout_loops_corners, david_vaults_1, serial_shops, shop
D:14:     layout_gridville, small_statue_intersection
Temple:   nicolae_temple_the_god_donut

Skill      XL: |  1  2  3  4  5  6  7  8  9 10 11 12 13 |
---------------+----------------------------------------+-----
Fire Magic     | 3 4 5 6 7 |  7.0
Stealth        | 2 3 4 |  4.9
Conjurations   | 2 3 4 5 6 7 |  7.0
Spellcasting   | 3 4 5 6 7 8 |  8.1
Long Blades    | 3 6 8 10 11 12 13 | 13.1
Fighting       | 1 2 3 4 5 6 |  6.6
Armour         | 1 3 4 |  4.3
Hexes          | 2 4 |  4.4
Invocations    | 4 6 |  6.8
Transmutations | 1 |  1.1
Dodging        | |  1.8
Shields        | |  0.6
Unarmed Combat | |  0.1
Evocations     | |  0.3

Action                   |  1- 3 |  4- 6 |  7- 9 | 10-12 | 13-15 || total
-------------------------+-------+-------+-------+-------+-------++-------
Melee: Unarmed           |    14 |     1 |       |       |       ||    15
       Demon blade       |       |       |   198 |   433 |    67 ||   698
       Staff             |       |       |     3 |       |       ||     3
 Cast: Foxfire           |    97 |    44 |    69 |    13 |       ||   223
       Inner Flame       |     1 |       |     3 |     9 |       ||    13
       Sticky Flame      |       |     1 |     4 |       |       ||     5
       Conjure Flame     |       |     8 |    12 |    12 |       ||    32
       Fireball          |       |       |     6 |    45 |     5 ||    56
Invok: Lesser Servant of |       |       |       |     1 |       ||     1
       Minor Destruction |       |       |       |     2 |     1 ||     3
 Abil: Evoke Berserk Rag |       |       |       |     2 |     1 ||     3
Evoke: Wand              |       |       |       |     2 |       ||     2
  Use: Scroll            |     6 |     3 |     4 |    10 |     1 ||    24
       Potion            |       |       |       |     9 |       ||     9
 Stab: Sleeping          |     1 |       |     7 |     4 |       ||    12
       Distracted        |       |       |     1 |       |       ||     1
       Invisible         |       |       |       |     1 |       ||     1
Armor: Robe              |     7 |     3 |    57 |       |       ||    67
       Steam dragon scal |       |       |    13 |   124 |    35 ||   172
       Ring mail         |       |       |     7 |       |       ||     7
Dodge: Dodged            |    27 |     2 |   108 |   308 |    58 ||   503
Block: Kite shield       |       |       |       |       |     7 ||     7
       Rpst.: Demon blade |       |       |    28 |    60 |     2 ||    90

Table legend: (Time is in decaauts)
 A = Elapsed time spent in this place.
 B = Non-inter-level travel time spent in this place.
 C = Inter-level travel time spent in this place.
 D = Time resting spent in this place.
 E = Time spent auto-exploring this place.
 F = Levels seen in this place.
 G = Mean time per level.
                   A        B        C        D        E       F      G
               +--------+--------+--------+--------+--------+-----+--------+
         Total |  18156 |  17651 |    505 |   3764 |  10050 |  16 | 1134.8 |
       Dungeon |  17073 |  16581 |    492 |   3458 |   9759 |  14 | 1219.5 |
        Temple |     71 |     58 |     13 |      0 |      0 |   1 |   71.0 |
        Bailey |   1012 |   1012 |      0 |    305 |    291 |   1 | 1012.0 |
               +--------+--------+--------+--------+--------+-----+--------+

Top non-repeatable levels by time:
     D:6: 1689 daAuts
     D:5: 1668 daAuts
     D:4: 1568 daAuts
    D:11: 1515 daAuts
    D:13: 1496 daAuts
     D:1: 1356 daAuts
    D:14: 1350 daAuts
     D:7: 1228 daAuts
    D:10: 1226 daAuts
     D:2: 1212 daAuts
     D:9: 1027 daAuts
  Bailey: 1012 daAuts
     D:8: 789 daAuts
    D:12: 785 daAuts
     D:3: 157 daAuts
